 Dungeon Crawl Stone Soup version 0.22.1-2-g9c5b331 (webtiles) character file.

126 MalarOregon the Insei (level 5, -1/39 HPs)
             Began as a Merfolk Transmuter on Nov 24, 2018.
             Slain by a hound skeleton (3 damage)
             ... on level 4 of the Dungeon.
             The game lasted 00:05:03 (3938 turns).

MalarOregon the Insei (Merfolk Transmuter)          Turns: 3938, Time: 00:05:04

Health: -1/39      AC:  2    Str: 11    XL:     5   Next: 10%
Magic:  6/8        EV: 22    Int: 13    God:
Gold:   82         SH:  0    Dex: 19    Spells: 3/9 levels left

rFire    . . .     SeeInvis .     - Unarmed
rCold    . . .     Gourm    .   (shield currently unavailable)
rNeg     . . .     Faith    .   (armour currently unavailable)
rPois    x         Spirit   .   (helmet currently unavailable)
rElec    .         Reflect  .   (cloak currently unavailable)
rCorr    .         Harm     .   (gloves currently unavailable)
MR       .....                  (boots currently unavailable)
Stlth    ++........             (no amulet)
HPRegen  0.13/turn              (no ring)
MPRegen  0.11/turn              (no ring)

@: spider-form (expiring)
A: tiny, (change form in water), (swift swim), (stealthy swim)
a: End Transformation


You were on level 4 of the Dungeon.
You were near starving.
You were a venomous arachnid creature.
You visited 1 branch of the dungeon, and saw 4 of its levels.

You collected 82 gold pieces.

Inventory:

Hand Weapons
 p - a +0 spear (melded)
   (You found it on level 3 of the Dungeon)
Missiles
 a - 53 arrows
Armour
 b - a +0 robe (melded)
 t - a +0 helmet
   (You found it on level 4 of the Dungeon)
Jewellery
 d - an uncursed amulet of guardian spirit {unknown}
   (You found it on level 4 of the Dungeon)
Scrolls
 g - a scroll of enchant armour {unknown}
 h - a scroll of noise {unknown}
 i - a scroll of fog {unknown}
 j - 2 scrolls of remove curse {unknown}
 k - 3 scrolls of teleportation {unknown}
 l - a scroll of amnesia {unknown}
 m - a scroll of fear {unknown}
 o - a scroll of enchant weapon {unknown}
 s - a scroll of identify {unknown}
Potions
 c - a potion of magic {unknown}
 f - a potion of flight {unknown}
 n - a potion of might {unknown}
 q - a potion of degeneration {unknown}
 r - a potion of invisibility {unknown}
Comestibles
 e - 6 rations {!d}


   Skills:
 + Level 2.4 Fighting
 + Level 0.4 Polearms
 + Level 3.7 Dodging
 + Level 3.9 Unarmed Combat
 + Level 2.6 Spellcasting
 + Level 3.6 Transmutations
 + Level 1.2 Poison Magic


You had 3 spell levels left.
You knew the following spells:

 Your Spells              Type           Power        Failure   Level  Hunger
a - Beastly Appendage     Tmut           ##....       16%         1    #......
s - Sticks to Snakes      Tmut           ##......     22%         2    ###....
x - Spider Form           Tmut/Pois      #.........   47%         3    ###....

Your spell library contained the following spells:

 Spells                   Type           Power        Failure   Level  Hunger
 Ice Form                 Ice/Tmut       #.......     89%         4    #####..
 Blade Hands              Tmut           ##........   94%         5    ######.


Dungeon Overview and Level Annotations

Branches:
Dungeon (4/15)
 Temple: D:4-7

Altars:
Ashenzari
Cheibriados
Dithmenos
Makhleb


Message History

You are feeling very hungry.
Key pressed, stopping explore.
Key pressed, stopping explore.
There is a stone staircase leading down here.
Key pressed, stopping explore.
You see here 2 needles of paralysis.
The troll shouts!
The ball python hisses angrily.
Key pressed, stopping explore.
Key pressed, stopping explore.
Partly explored, unvisited transporter.
Partly explored, unvisited transporter.
Partly explored, unvisited transporter.
Partly explored, unvisited transporter.
You see here 13 stones.
There is a transporter here.
You enter the transporter and appear at another place.
You turn into a venomous arachnid creature.
Your +0 spear melds into your body.
Your +0 robe melds into your body.
You are near starving!
The hound skeleton bites you. The ball python closely misses you. x2
The troll barely misses you. x2; The troll claws you!
You closely miss the ball python.
The hound skeleton completely misses you.
The ball python barely misses you. The ball python completely misses you.
The troll completely misses you. The troll barely misses you.
The troll misses you.
The hound skeleton completely misses you.
You bite the ball python!
You kill the ball python!
The hound skeleton closely misses you. The troll closely misses you.
The troll claws you!
* * * LOW HITPOINT WARNING * * *
The troll claws you!
* * * LOW HITPOINT WARNING * * *
The hound skeleton completely misses you.
The hound skeleton completely misses you.
There is a transporter here.
You enter the transporter and appear at another place.
The hound skeleton bites you but does no damage.
Your transformation is almost over.
The hound skeleton completely misses you.
The hound skeleton closely misses you.
The floor.
Okay, then.
Okay, then.
You hit the hound skeleton but do no damage.
The hound skeleton completely misses you.
The hound skeleton bites you.
You die...

.####..##..###...................
..# ##....##.....................
..# ##..#...............(.......
#.#####..........................
#................................
#................................
.................................
.................................
................sZ.©...........##
...............#########.....#...
............(.##8T._=$8##........
..............#..$[$%!..#.......#
..............#..#...#..#.......#
..............#.#.....#.#.#.....#
..............#©........#.##.....
..............#.#.....#.#.###.###
..............#..#.©.#..#.###.#


You could see a troll and a hound skeleton.

Vanquished Creatures
  6 adders
  3 worms
  2 dart slugs
  2 leopard geckos
  3 ball pythons
  2 giant cockroaches (D:1)
  4 goblins
  15 hobgoblins
  4 jackals (D:1)
  A quokka (D:3)
  5 bats
  3 kobolds
  A quokka skeleton (D:4)
  4 rats
55 creatures vanquished.

Notes
Turn   | Place    | Note
-------+----------+-------------------------------------------
     0 | D:1      | MalarOregon the Merfolk Transmuter began the quest for the
                  | Orb.
     0 | D:1      | Reached XP level 1. HP: 15/15 MP: 3/3
   139 | D:1      | Reached XP level 2. HP: 13/21 MP: 3/5
  1009 | D:1      | Reached XP level 3. HP: 27/27 MP: 4/6
  1440 | D:1      | Learned a level 2 spell: Sticks to Snakes
  1444 | D:1      | Learned a level 3 spell: Spider Form
  1820 | D:2      | Reached XP level 4. HP: 26/33 MP: 4/7
  2471 | D:3      | Reached skill level 1 in Poison Magic
  2543 | D:3      | Found a shattered altar of Ashenzari.
  2759 | D:3      | Found a shadowy altar of Dithmenos.
  2759 | D:3      | Found a snail-covered altar of Cheibriados.
  3044 | D:4      | Found a shattered altar of Ashenzari.
  3339 | D:4      | Found a transporter.
  3348 | D:4      | Reached XP level 5. HP: 30/39 MP: 1/8
  3476 | D:4      | Found a transporter.
  3489 | D:4      | Found a burning altar of Makhleb.
  3490 | D:4      | Noticed a troll
  3929 | D:4      | HP: 1/39 [troll (8)]
  3938 | D:4      | Slain by a hound skeleton

Skill      XL: |  1  2  3  4 |
---------------+-------------+-----
Dodging        | 3 |  3.7
Transmutations | 3 |  3.6
Fighting       | 2 |  2.4
Poison Magic   | 1 |  1.2
Polearms       | |  0.4
Unarmed Combat | |  3.9
Spellcasting   | |  2.6

Action                   |  1- 3 |  4- 6 || total
-------------------------+-------+-------++-------
Melee: Dagger            |   136 |       ||   136
       Headbutt          |    11 |       ||    11
       Punch             |     3 |     2 ||     5
       Unarmed           |     8 |    59 ||    67
       Spear             |       |    26 ||    26
 Cast: Beastly Appendage |    15 |       ||    15
       Spider Form       |     2 |    15 ||    17
 Stab: Sleeping          |     1 |     2 ||     3
  Eat: Chunk             |     4 |     7 ||    11
Armor: Robe              |    19 |     1 ||    20
       Skin              |       |     3 ||     3
Dodge: Dodged            |   116 |    78 ||   194
